 Dungeon Crawl Stone Soup version 0.31.0-11-ge490571c62 (webtiles) character file.

Game seed: 6929779907959429937

166 SnakkuSnakku7 the Trooper (level 5, 0/42 HPs)
             Began as a Merfolk Conjurer on Feb 1, 2024.
             Slain by Sigmund
             ... wielding a +0 scythe
              (6 damage)
             ... on level 2 of the Dungeon.
             The game lasted 00:03:05 (2402 turns).

SnakkuSnakku7 the Trooper (Merfolk Conjurer)        Turns: 2402, Time: 00:03:06

Health: 0/42       AC:  2    Str:  7    XL:     5   Next: 47%
Magic:  8/8        EV: 12    Int: 18    God:
Gold:   94         SH:  0    Dex: 14    Spells: 7/8 levels left

rFire   . . .        a - +2 long sword (elec)
rCold   . . .        (no shield)
rNeg    . . .        i - +0 robe
rPois   .            m - +0 hat
rElec   .            (no cloak)
rCorr   .            (no gloves)
SInv    .            (no boots)
Will    .....        (no amulet)
Stlth   ++           (no ring)
HPRegen 0.27/turn    (no ring)
MPRegen 0.11/turn

%: no passive effects
@: no status effects
A: (nimble swimmer 2), mertail
a: no special abilities


You were on level 2 of the Dungeon.
You visited 1 branch of the dungeon, and saw 3 of its levels.

You collected 94 gold pieces.

Inventory:

Hand Weapons
 a - a +2 long sword of electrocution (weapon)
Missiles
 u - 4 poisoned darts (quivered)
Armour
 c - a +0 plate armour
 i - a +0 robe (worn)
 m - a +0 hat (worn)
Jewellery
 e - a ring of ice
 g - a ring of wizardry
 l - an amulet of guardian spirit
Scrolls
 h - a scroll of revelation {unknown}
 j - a scroll of teleportation {unknown}
 o - a scroll of amnesia {unknown}
 q - 2 scrolls of blinking {unknown}
 r - a scroll of enchant armour {unknown}
 t - a scroll of brand weapon {unknown}
 w - 2 scrolls of noise {unknown}
 x - a scroll of enchant weapon {unknown}
Potions
 b - a potion of magic
 d - a potion of might {unknown}
 f - a potion of enlightenment {unknown}
 k - a potion of mutation {unknown}
 n - a potion of curing {unknown}
 p - a potion of degeneration {unknown}
 s - a potion of attraction {unknown}
 v - a potion of heal wounds {unknown}


   Skills:
 + Level 3.7 Fighting
 + Level 3.6 Long Blades
 - Level 2.6 Dodging
 - Level 2.1 Stealth
 - Level 1.4 Unarmed Combat
 - Level 2.0 Spellcasting
 - Level 3.2 Conjurations


You had 7 spell levels left.
You knew the following spells:

 Your Spells              Type           Power      Damage    Failure   Level
a - Magic Dart            Conj           52%        1d5       4%          1

Your spell library contained the following spells:

 Spells                   Type           Power      Damage    Failure   Level
 Searing Ray              Conj           26%        2d5       7%          2
 Sandblast                Erth           2%         2d4       19%         1
 Hailstorm                Conj/Ice       7%         3d5       28%         3
 Stone Arrow              Conj/Erth      14%        3d7       28%         3
 Passwall                 Erth           1%         N/A       47%         3
 Summon Ice Beast         Ice/Summ       1%         N/A       47%         3
 Brom's Barrelling Bould  Conj/Erth      7%         2d3       67%         4
 Fulminant Prism          Conj/Alch      3%         3d5       67%         4
 Iskenderun's Mystic Bla  Conj/Tloc      7%         2d4       67%         4
 Animate Armour           Summ/Erth      2%         N/A       87%         4
 Sculpt Simulacrum        Ice/Alch       0%         N/A       100%        6
 Lehudib's Crystal Spear  Conj/Erth      3%         10d3      100%        8


Dungeon Overview and Level Annotations

Branches:
Dungeon (3/15)

Altars:

Shops:
D:2 (

Annotations:
D:2 Sigmund


Innate Abilities, Weirdness & Mutations

((You are very nimble when in or above water. (Stealth+, EV+, Speed+++)))
Your lower body shifts to a powerful aquatic tail in water.


Message History

Sigmund shouts!
The kobold throws a stone.
The stone hits you but does no damage.
You see here a bat corpse.
The kobold hits you with a +0 club.
You slash the kobold!
You kill the kobold!
Found a mace.
Sigmund casts a spell at you. The puff of flame hits you!
Things that are here:
a +0 club; 8 stones You hit Sigmund.
Sigmund is lightly wounded.
Sigmund hits you with a +0 scythe.
You barely miss Sigmund.
Sigmund is lightly wounded.
Sigmund hits you with a +0 scythe!
You are too injured to fight recklessly!
You hit Sigmund.
Sigmund is moderately wounded.
You closely miss Sigmund.
Sigmund is moderately wounded.
Sigmund closely misses you.
You barely miss Sigmund.
Sigmund is moderately wounded.
Sigmund hits you with a +0 scythe!
* * * LOW HITPOINT WARNING * * *
You barely miss Sigmund.
Sigmund is moderately wounded.
Sigmund closely misses you.
Okay, then.
You hit Sigmund but do no damage.
Sigmund is moderately wounded.
Sigmund hits you with a +0 scythe.
* * * LOW HITPOINT WARNING * * *
You barely miss Sigmund.
Sigmund is moderately wounded.
Sigmund hits you with a +0 scythe.
You die...
Sigmund begins carving another notch in his scythe.

#..... .. #...#
#..... #. #...#
#.....
###.##...#####
#..... .
............
#..... ..
#........# ##....
...##[......#
+....
.......@....#
#....
.......@....#
###.#
.....#......### #.
.). #.†......# #.
. #........# #.
##'###..[# #.#
#### #.########
#........#########
##.........##....#


You could see Sigmund.

Vanquished Creatures
  A bombardier beetle (D:3)
  2 orc wizards (D:3)
  An adder (D:2)
  A ribbon worm (D:3)
  7 orcs
  5 ball pythons
  4 bats
  6 endoplasms
  6 giant cockroaches
  3 goblins
  6 hobgoblins
  5 jackals
  7 kobolds
  A quokka (D:2)
  5 frilled lizards
  3 rats
  A spectral goblin (D:1)
64 creatures vanquished.

Notes
Turn   | Place    | Note
-------+----------+-------------------------------------------
     0 | D:1      | SnakkuSnakku7 the Merfolk Conjurer began the quest for the
                  | Orb.
     0 | D:1      | Reached XP level 1. HP: 13/13 MP: 3/3
   311 | D:1      | Reached skill level 1 in Fighting
   311 | D:1      | Reached skill level 1 in Unarmed Combat
   351 | D:1      | Reached XP level 2. HP: 21/21 MP: 3/5
   556 | D:1      | Found a faded altar of an unknown god.
  1089 | D:2      | Reached skill level 1 in Long Blades
  1089 | D:2      | Reached XP level 3. HP: 27/27 MP: 6/6
  1148 | D:2      | Found Yxkiz's Antique Weapon Emporium.
  1502 | D:2      | Noticed Sigmund
  1831 | D:3      | Reached XP level 4. HP: 29/34 MP: 7/7
  2046 | D:3      | Reached XP level 5. HP: 41/41 MP: 8/8
  2402 | D:2      | Slain by Sigmund

Illustrated notes

Levels and vault maps discovered:
D:1:      wheals_arrival_shading, layout_loops_corners,
          dreamdust_ecumenical_altar_drowned_temple
D:2:      layout_basic, serial_shops, nicolae_shop_statue_plus,
          dreamdust_princess_corridor, minivault_24, uniq_sigmund
D:3:      layout_rooms, kennysheep_boxes

Skill      XL: |  1  2  3  4 |
---------------+-------------+-----
Fighting       | 1 2 3 |  3.7
Unarmed Combat | 1 |  1.4
Long Blades    | 1 2 3 |  3.6
Dodging        | |  2.6
Stealth        | |  2.1
Spellcasting   | |  2.0
Conjurations   | |  3.2

Action                     |  1- 3 |  4- 6 || total
---------------------------+-------+-------++-------
  Melee: Unarmed           |    64 |       ||    64
         Long sword        |    55 |    59 ||   114
         Tailslap          |     2 |       ||     2
         Punch             |     1 |       ||     1
  Throw: Dart              |       |     4 ||     4
   Cast: Magic Dart        |    25 |       ||    25
   Stab: Sleeping          |     4 |     2 ||     6
 Armour: Robe              |    73 |    36 ||   109
  Dodge: Dodged            |    87 |    36 ||   123
